 Dungeon Crawl Stone Soup version 0.30.1-4-g462c640d31 (webtiles) character file.

Game seed: 4070437896736352322

282658 ANON1729 the Fencer (level 19, 0/148 (183) HPs)
             Began as a Minotaur Monk on Aug 23, 2023.
             Was the Champion of Ru.
             Slain by a rockslime (39 damage)
             ... created by the Royal Jelly
             ... on level 5 of the Pits of Slime.
             The game lasted 00:42:43 (34540 turns).

ANON1729 the Fencer (Minotaur Monk)                Turns: 34540, Time: 00:42:43

HP:   0/148 (183)   AC: 12    Str: 25    XL:     19   Next: 74%
MP:   18/18         EV: 27    Int:  6    God:    Ru [******]
Gold: 4113          SH: 11    Dex: 23    Spells: 18/18 levels left

rFire   + . .        r - +9 scimitar (freeze)
rCold   + + .        G - +3 buckler of Rationality {rElec rF- Regen+}
rNeg    + . .        b - +0 troll leather armour
rPois   +            v - +0 hat of Existentialism {*Corrode rF+ rC+ Str+2}
rElec   +            Q - +2 cloak
rCorr   +            U - +0 pair of gloves of Kumyukhu {rF+ rN+ Str+2}
SInv    .            Y - +2 pair of boots of the Camelopard {rElec}
Will    +++..        (no amulet) Stlth
                     p - ring of the Duchess {rPois rCorr Dex+4}
HPRegen 2.04/turn    V - ring "Raxtof Wuluv" {rC+ Will++ Slay+4}
MPRegen 0.16/turn

%: corrode self (3%)
@: heavily drained
A: horns 2, no stealth, inability to use devices, hated by all, reduced AC 1,
unskilled 1, retaliatory headbutt, strong 1
}: 2/15 runes: barnacled, gossamer
a: Renounce Religion, Draw Out Power, Power Leap, Apocalypse


You were on level 5 of the Pits of Slime.
You worshipped Ru.
Ru was exalted by your worship.
You visited 7 branches of the dungeon, and saw 37 of its levels.
You also visited: Sewer, Ossuary and Bailey.

You collected 4113 gold pieces.

Inventory:

Hand Weapons
 r - a +9 scimitar of freezing (weapon)
 s - a +1 scimitar of flaming
Missiles
 a - 8 throwing nets (quivered)
 E - 3 curare-tipped darts
 X - 4 datura-tipped darts
Armour
 b - a +0 troll leather armour (worn)
 v - the +0 hat of Existentialism (worn) {*Corrode rF+ rC+ Str+2}
   (You found it on level 5 of the Lair of Beasts)

   Str:       It affects your strength (+2).
   rF:        It protects you from fire.
   rC:        It protects you from cold.
   *Corrode:  It may corrode you when you take damage.
 w - a +0 pair of boots
 G - the +3 buckler of Rationality (worn) {rElec rF- Regen+}
   (You acquired it on level 4 of the Lair of Beasts)

   rF:        It makes you vulnerable to fire.
   rElec:     It insulates you from electricity.
   Regen:     It increases your rate of health regeneration.
 P - a +2 pair of gloves
 Q - a +2 cloak (worn)
 S - a scarf of repulsion
 U - the +0 pair of gloves of Kumyukhu (worn) {rF+ rN+ Str+2}
   (You found it on level 1 of the Shoals)

   Str:       It affects your strength (+2).
   rF:        It protects you from fire.
   rN:        It protects you from negative energy.
 Y - the +2 pair of boots of the Camelopard (worn) {rElec}
   (You found it on level 13 of the Dungeon)

   rElec:     It insulates you from electricity.
Jewellery
 d - a ring of fire
 p - the ring of the Duchess (left hand) {rPois rCorr Dex+4}
   (You acquired it on level 2 of the Lair of Beasts)

   [ring of poison resistance]

   Dex:       It affects your dexterity (+4).
   rPois:     It protects you from poison.
   rCorr:     It protects you from acid and corrosion.
 u - a +5 ring of evasion
 H - an amulet of regeneration
 I - a ring of see invisible
 O - a ring of positive energy
 R - a +5 ring of evasion
 T - an amulet of the acrobat
 V - the ring "Raxtof Wuluv" (right hand) {rC+ Will++ Slay+4}
   (You found it on level 3 of the Shoals)

   [ring of slaying]

   Slay:      It affects your accuracy & damage with ranged weapons and melee
   (+4).
   rC:        It protects you from cold.
   Will:      It greatly increases your willpower.
 W - a ring of wizardry
Scrolls
 f - 4 scrolls of fear
 h - 4 scrolls of poison
 i - 12 scrolls of teleportation
 j - 6 scrolls of vulnerability
 l - 7 scrolls of fog
 m - 10 scrolls of enchant armour
 o - 14 scrolls of identify
 t - 5 scrolls of immolation
 x - 6 scrolls of enchant weapon
 y - 3 scrolls of brand weapon
 B - 6 scrolls of magic mapping
 D - a scroll of blinking
 K - 2 scrolls of silence
Potions
 c - 8 potions of ambrosia
 e - 7 potions of attraction
 g - 9 potions of lignification
 k - 10 potions of resistance
 n - a potion of might
 q - 3 potions of curing
 z - 8 potions of mutation
 A - 2 potions of invisibility
 C - 10 potions of flight
 F - 6 potions of brilliance
 J - 3 potions of cancellation
 M - 7 potions of berserk rage
 N - 2 potions of haste


   Skills:
 + Level 19.6 Fighting
 + Level 19.7 Long Blades
 + Level 19.4 Armour
 + Level 18.3 Dodging
 * Level 10.5 Shields


You had 18 spell levels left.
You didn't know any spells.
Your spell library contained the following spells:

 Spells                   Type           Power      Damage    Failure   Level
 Freeze                   Ice            0%         1d3       52%         1
 Necrotise                Necr           0%         1d4       52%         1
 Sandblast                Erth           0%         2d4       52%         1
 Blink                    Tloc           0%         N/A       67%         2
 Ensorcelled Hibernation  Hex/Ice        0%         N/A       67%         2
 Lesser Beckoning         Tloc           0%         N/A       67%         2
 Momentum Strike          Conj/Tloc      0%         3d8       67%         2
 Passwall                 Tmut/Erth      0%         N/A       67%         2
 Scorch                   Fire           0%         2d5       67%         2
 Sublimation of Blood     Necr           0%         N/A       67%         2
 Frozen Ramparts          Ice            0%         1d1       88%         3
 Hailstorm                Conj/Ice       0%         3d3       88%         3
 Ignite Poison            Fire/Tmut/Pois 0%         N/A       88%         3
 Inner Flame              Hex/Fire       0%         N/A       88%         3
 Portal Projectile        Hex/Tloc       0%         N/A       88%         3
 Stone Arrow              Conj/Erth      0%         3d7       88%         3
 Swiftness                Air            0%         N/A       88%         3
 Vampiric Draining        Necr           0%         2d6       88%         3
 Vhi's Electric Charge    Tloc/Air       0%         N/A       88%         3
 Volatile Blastmotes      Fire/Tloc      0%         2d10      88%         3
 Flame Wave               Conj/Fire      0%         2d4       99%         4
 Fulminant Prism          Conj/Hex       0%         3d5       99%         4
 Iskenderun's Mystic Bla  Conj/Tloc      0%         2d3       99%         4
 Leda's Liquefaction      Hex/Erth       0%         N/A       99%         4
 Petrify                  Tmut/Erth      0%         N/A       99%         4
 Sticky Flame             Conj/Fire      0%         2d3       99%         4
 Agony                    Necr           0%         N/A       100%        5
 Arcjolt                  Conj/Air       0%         1d10      100%        5
 Blade Hands              Tmut           0%         N/A       100%        5
 Irradiate                Conj/Tmut      0%         3d11      100%        5
 Lee's Rapid Deconstruct  Erth           0%         3d4*      100%        5
 Yara's Violent Unravell  Hex/Tmut       0%         3d3       100%        5
 Iron Shot                Conj/Erth      0%         9d1       100%        6
 Enfeeble                 Hex            0%         N/A       100%        7
 Ignition                 Fire           0%         3d3       100%        8
 Maxwell's Capacitive Co  Air            0%         ∞         100%        8
 Call Canine Familiar     Summ           Unusable   N/A       N/A         3
 Animate Armour           Summ/Erth      Unusable   N/A       N/A         4
 Summon Ice Beast         Ice/Summ       Unusable   N/A       N/A         4
 Summon Mana Viper        Hex/Summ       Unusable   N/A       N/A         5
 Summon Cactus Giant      Summ           Unusable   N/A       N/A         6
 Malign Gateway           Summ/Tloc      Unusable   N/A       N/A         7
 Monstrous Menagerie      Summ           Unusable   N/A       N/A         7
 Summon Horrible Things   Summ           Unusable   N/A       N/A         8

Dungeon Overview and Level Annotations

Branches:
Dungeon (15/15)            Temple (0/1) D:6            Lair (5/5) D:10
 Shoals (4/4) Lair:2       Spider (4/4) Lair:3        Slime (5/5) Lair:5
    Orc (2/2) D:9             Elf (0/3) Orc:2        Vaults (0/5) D:14
 Depths (2/4) D:15          Sewer (visited)         Ossuary (visited)
 Bailey (visited)

Altars:
Nemelex Xobeh
Okawaru
Ru
Trog
Uskayaw
Wu Jian

Shops:
D:3 (   D:6 *   D:7 :   D:9 (   D:13 [   Orc:2 **[(   Shoals:4 [

Portals:
Hell: Depths:1 Depths:2
Abyss: D:9
Pandemonium: Depths:2
Trove: D:10 (show slimy rune of Zot)

Annotations:
D:9 2 transporters, zamzamzam's ghost, journeyman HuFi
Lair:2 2 transporters
Shoals:4 Roxanne


Innate Abilities, Weirdness & Mutations

You have a pair of horns on your head.
You cannot be stealthy.
You cannot study or use magical devices.
You are hated by all.
You take slightly more damage. (AC -5)
You are somewhat unskilled. (-1 Apt)
You reflexively headbutt those who attack you in melee.
Your muscles are strong. (Str +4, Int/Dex -1)


Message History

The rockslime is lightly wounded.
The fiery explosion engulfs the azure jelly!
The azure jelly is burned terribly!
The azure jelly is lightly wounded.
The fiery explosion engulfs the azure jelly!!!
The azure jelly is burned terribly!
The azure jelly is heavily wounded.
The fiery explosion engulfs the acid blob!!
The acid blob is moderately wounded.
The fiery explosion engulfs the rockslime.
The rockslime completely resists.
The fiery explosion engulfs the azure jelly!!
The azure jelly is burned terribly!
Flame seeps out of the azure jelly.
The azure jelly is almost dead.
The dying Royal Jelly spits out two more jellies.
You are engulfed in blazing flames.
You resist.
* * * LOW HITPOINT WARNING * * *
The rockslime is engulfed in blazing flames.
Flame seeps out of the rockslime.
The rockslime is stunned by your conviction and fails to attack.
The acid blob is engulfed in blazing flames.
Flame seeps out of the acid blob.
The acid blob begins to attack, but is stunned by your conviction!
The azure jelly is engulfed in blazing flames.
That felt strangely unrewarding.
The azure jelly explodes!
The fiery explosion engulfs the azure jelly!!
The azure jelly is burned terribly!
The azure jelly is heavily wounded.
The fiery explosion engulfs the rockslime.
The rockslime completely resists.
The rockslime is lightly wounded.
The fiery explosion engulfs the acid blob!
The acid blob is heavily wounded.
The fiery explosion engulfs the azure jelly!!!
The azure jelly is burned terribly!
The azure jelly is almost dead.
The quicksilver ooze is engulfed in blazing flames.
The rockslime hits you!!!
You die...

#....................##!##..##?
#.#...................####.####
#..............................
#..##..........................
###*#..........................
#.#.................(......
##........JJJ..............
##.##...JJJJ..............
####....@J§§.............
####.JJ§§.............
#..................
#..................
#..................
##.................
##................
###.#...####..... #######
#.....


You could see 2 acid blobs, 3 azure jellies, 3 rockslimes and 2 quicksilver
oozes.

Vanquished Creatures
  the Royal Jelly (Slime:5)
  Dissolution (Slime:4)
  Mara (Shoals:4)
  2 liches
  18 acid blobs
  A kraken (Shoals:4)
  The ghost of Relacuxeto the Fencer, an adept DrMo of Qazlal (Shoals:1)
  17 azure jellies
  A tengu reaver (D:15)
  Donald (Shoals:1)
  3 fire giants
  11 rockslimes
  A balrug (Depths:2)
  5 frost giants
  6 emperor scorpions
  2 broodmothers (Spider:4)
  An orc warlord (Orc:2)
  9 quicksilver oozes
  A spriggan defender (Depths:2)
  4 stone giants
  9 very ugly things
  A vampire knight (Depths:2)
  A spark wasp (Spider:1)
  Snorg (D:11)
  5 merfolk javelineers
  4 ettins
  4 fire dragons
  11 merfolk impalers
  6 entropy weavers
  Josephine (D:10)
  2 ice dragons
  2 rakshasas
  3 great orbs of eyes
  4 hydras
  6 jorogumos
  A spriggan skeleton (Depths:2)
  A radroach (Spider:4)
  Erica (D:8)
  5 boulder beetles
  2 catoblepae
  4 merfolk aquamancers
  2 merfolk avatars
  3 centaur warriors
  A death knight (D:13)
  A spriggan air mage (Depths:2)
  5 two-headed ogres
  A deep troll shaman (Depths:1)
  2 death scarabs
  2 satyrs
  5 death yaks
  3 orc high priests
  4 tengu warriors
  7 deep troll earth magi
  Urug (D:11)
  5 hell knights (Depths:2)
  Amaemon (D:8)
  Sonja (D:11)
  5 iron trolls
  6 skysharks
  A skeletal warrior (D:13)
  3 pharaoh ants
  6 sea snakes
  A glowing orange brain (Slime:4)
  Lodul (D:14)
  3 sun moths (Spider:4)
  10 deep trolls
  56 slime creatures
  15 orb spiders
  2 lindwurms
  An orc knight (Orc:2)
  A sphinx zombie (Depths:2)
  Pikel (D:8)
  5 steelbarb worms
  15 harpies
  2 necromancers (Depths:2)
  A wizard (D:15)
  2 deep elf pyromancers
  A shining eye (Slime:5)
  24 wolf spiders
  A salamander (shapeshifter) (D:14)
  12 cyclopes
  29 ugly things
  3 orc sorcerers (Orc:2)
  8 fauns
  An iron dragon skeleton (Depths:2)
  13 manticores
  24 elephants
  7 black mambas
  3 moths of wrath
  6 merfolk sirens
  4 eyes of devastation
  5 water nymphs
  10 cane toads
  11 demonic crawlers
  An unseen horror (D:11)
  A cane toad (shapeshifter) (D:14)
  3 gargoyles
  3 molten gargoyles (Lair:5)
  4 torpor snails
  An orange demon (D:8)
  A smoke demon (Depths:2)
  Maggie (D:6)
  2 rime drakes
  14 komodo dragons
  A yaktaur (shapeshifter) (D:13)
  A yaktaur (D:15)
  A freezing wraith (D:13)
  A golden dragon simulacrum (Depths:2)
  2 tengu conjurers
  A meliai (Spider:4)
  28 merfolk
  6 wind drakes
  2 trolls
  7 hornets (Lair:3)
  29 tarantellas
  12 snapping turtles
  14 blink frogs
  13 dream sheep
  A slime creature (shapeshifter) (D:15)
  6 wyverns
  28 jumping spiders
  9 water elementals
  2 shadows
  53 yaks
  24 culicivoras
  6 wraiths
  Grum (D:8)
  8 basilisks
  5 golden eyes (Slime:4)
  10 vampire mosquitoes
  4 steam dragons
  62 redbacks
  A warg (Orc:1)
  An acid dragon (D:14)
  11 water moccasins
  4 hell hounds (Lair:5)
  Duvessa (D:5)
  31 orc warriors
  7 black bears
  3 ice beasts (D:7)
  13 ogres
  17 wolves
  2 centaurs
  2 lemures (D:8)
  Blork the orc (D:6)
  5 bullfrogs
  2 kobold brigands
  10 gnoll sergeants
  2 scorpions (D:6)
  Dowan (D:5)
  3 wights (D:6)
  16 killer bees
  6 electric eels
  4 howler monkeys
  5 lava snakes (Lair:5)
  Crazy Yiuf (D:2)
  6 gnoll boudas (Bailey)
  4 hounds
  9 jellies
  13 orc priests
  3 sleepcaps
  4 iguanas
  18 orc wizards
  A sickly merfolk siren (Sewer)
  A malarious merfolk avatar (Sewer)
  8 mummies (Ossuary)
  24 gnolls
  2 river rats (Sewer)
  14 adders
  2 shadow imps (D:6)
  A white imp (D:5)
  2 worms
  2 dart slugs (D:1)
  87 orcs
  10 ball pythons
  7 bats
  7 endoplasms
  5 giant cockroaches
  3 gnoll zombies (Ossuary)
  6 hobgoblins
  4 jackals (D:3)
  16 kobolds
  9 quokkas
  5 frilled lizards
  13 goblins
  2 hobgoblin zombies (Ossuary)
  A kobold zombie (Ossuary)
  2 orc zombies (Ossuary)
  23 rats
  3 tentacles (Shoals:4)
1338 creatures vanquished.

Vanquished Creatures (collateral kills)
  A troll (D:11)
  3 vampire mosquitoes (D:11)
4 creatures vanquished.

Vanquished Creatures (others)
  4 acid blobs
  Polyphemus (Shoals:3)
  A kraken (Shoals:4)
  A frost giant (D:15)
  A great orb of eyes (Slime:3)
  A jorogumo (Spider:3)
  A hydra (Lair:4)
  A spriggan air mage (Depths:2)
  A boulder beetle (Lair:4)
  A death yak (Lair:5)
  A two-headed ogre (D:11)
  A satyr (Shoals:3)
  A harpy (Shoals:1)
  A steelbarb worm (Spider:1)
  An ugly thing (Depths:1)
  A smoke demon (Depths:2)
  A tarantella (Spider:3)
  A slime creature (Slime:1)
  A culicivora (Spider:2)
  A wraith (D:11)
  A redback (Spider:3)
  2 orcs
  9 tentacles (Shoals:4)
35 creatures vanquished.

Grand Total: 1377 creatures vanquished

Notes
Turn   | Place    | Note
-------+----------+-------------------------------------------
     0 | D:1      | ANON1729 the Minotaur Monk began the quest for the Orb.
     0 | D:1      | Reached XP level 1. HP: 19/19 MP: 0/0
   163 | D:1      | Reached XP level 2. HP: 26/27 MP: 1/1
   209 | D:1      | Reached skill level 1 in Armour
   574 | D:1      | Reached XP level 3. HP: 33/33 MP: 2/2
  1112 | D:2      | Reached XP level 4. HP: 37/41 MP: 3/3
  1168 | D:2      | Found a runed translucent door.
  1169 | D:2      | Noticed Crazy Yiuf
  1328 | D:2      | Identified the +3 leather armour "Fitzym" {-Tele Dex+6}
  1581 | D:2      | Killed Crazy Yiuf
  1916 | D:3      | Found Jealov's Antique Weapon Boutique.
  2019 | D:3      | Reached XP level 5. HP: 43/47 MP: 4/4
  2460 | D:4      | Reached skill level 5 in Fighting
  2487 | D:4      | Identified the +0 robe of Vuamy {Str+3}
  2493 | D:4      | Noticed an ogre
  2500 | D:4      | Killed an ogre
  2501 | D:4      | Reached skill level 5 in Long Blades
  2501 | D:4      | Reached XP level 6. HP: 24/56 MP: 5/5
  2755 | D:4      | Found a glowing drain.
  2767 | D:4      | Reached skill level 5 in Dodging
  2773 | Sewer    | Entered a sewer
  3087 | D:4      | Reached XP level 7. HP: 62/62 MP: 6/6
  3395 | D:5      | Entered Level 5 of the Dungeon
  3516 | D:5      | Identified the +9 whip "Cokorhum" {venom, Dex+3}
  3546 | D:5      | Found a sand-covered staircase.
  3619 | D:5      | Reached skill level 5 in Armour
  3621 | D:5      | Noticed Dowan
  3625 | D:5      | Noticed Duvessa
  3642 | D:5      | Killed Duvessa
  3643 | D:5      | Reached XP level 8. HP: 56/71 MP: 7/7
  3643 | D:5      | Killed Dowan
  3681 | Ossuary  | Entered an ossuary
  4460 | D:6      | Found a staircase to the Ecumenical Temple.
  4481 | D:6      | Found Hogutih Exo's Assorted Antiques.
  4595 | D:6      | Noticed Maggie
  4620 | D:6      | Killed Maggie
  4809 | D:6      | Noticed Blork the orc
  4819 | D:6      | Killed Blork the orc
  4824 | D:6      | Reached XP level 9. HP: 60/81 MP: 8/8
  4982 | D:6      | Found a bloodstained altar of Trog.
  5551 | D:7      | Found a blossoming altar of Fedhas.
  6029 | D:7      | Found Ockiodgh's Self-Improvement Boutique.
  6314 | D:7      | Found an iron altar of Okawaru.
  6758 | D:8      | Noticed Pikel
  6770 | D:8      | Killed Pikel
  6771 | D:8      | Reached XP level 10. HP: 75/91 MP: 9/9
  6850 | D:8      | Noticed an orange demon
  6851 | D:8      | Noticed Amaemon
  6855 | D:8      | Killed an orange demon
  6865 | D:8      | Killed Amaemon
  7077 | D:8      | Noticed Erica
  7101 | D:8      | Killed Erica
  7102 | D:8      | Reached skill level 10 in Fighting
  7102 | D:8      | Reached skill level 10 in Long Blades
  7151 | D:8      | Noticed Grum
  7161 | D:8      | Killed Grum
  7425 | D:8      | Found a sacrificial altar of Ru.
  7566 | D:8      | Reached skill level 10 in Armour
  7569 | D:8      | Reached skill level 10 in Dodging
  7874 | D:8      | Became a worshipper of Ru the Awakened
  7880 | D:8      | Gained mutation: You cannot study or use magical devices.
                  | [Ru sacrifice]
  7880 | D:8      | Reached * piety under Ru
  7880 | D:8      | Reached ** piety under Ru
  7896 | D:9      | Found a transporter.
  7899 | D:9      | Noticed zamzamzam's ghost (journeyman HuFi)
  7909 | D:9      | Found a one-way gate to the infinite horrors of the Abyss.
  7940 | D:9      | Reached XP level 11. HP: 101/101 MP: 10/10
  7947 | D:9      | Found a hide-covered altar of Uskayaw.
  7976 | D:9      | Found Empusil's Weapon Boutique.
  8129 | D:9      | Found a staircase to the Orcish Mines.
  8231 | D:9      | Found a flagged portal.
  8242 | Bailey   | Entered a bailey
  8804 | Bailey   | Identified the +4 quarterstaff of Change {protect, rElec
                  | Will- rCorr Dex+5}
  9194 | D:9      | Found a transporter.
  9581 | D:9      | Noticed a soul eater
  9617 | D:10     | Entered Level 10 of the Dungeon
  9773 | D:10     | Noticed a two-headed ogre
  9776 | D:10     | Killed a two-headed ogre
  9809 | D:10     | Noticed a two-headed ogre
  9817 | D:10     | Killed a two-headed ogre
  9921 | D:10     | Found a portal to a secret trove of treasure.
  9942 | D:10     | Found a staircase to the Lair.
 10256 | D:10     | Noticed a two-headed ogre
 10262 | D:10     | Killed a two-headed ogre
 10368 | D:10     | Reached XP level 12. HP: 109/112 MP: 11/11
 10911 | D:11     | Noticed Urug
 10916 | D:11     | Gained mutation: You cannot be stealthy. [Ru sacrifice]
 10916 | D:11     | Reached *** piety under Ru
 11269 | D:11     | Noticed Josephine
 11376 | D:10     | Killed Josephine
 11381 | D:11     | Noticed a two-headed ogre
 11388 | D:10     | Killed a two-headed ogre
 11506 | D:11     | Killed Urug
 11581 | D:11     | Noticed a two-headed ogre
 11586 | D:11     | Killed a two-headed ogre
 11588 | D:11     | Noticed Snorg
 11588 | D:11     | Noticed Sonja
 11601 | D:11     | Killed Snorg
 11643 | D:11     | Killed Sonja
 12080 | D:12     | Noticed a two-headed ogre
 12085 | D:12     | Killed a two-headed ogre
 12353 | D:12     | Identified the +3 arbalest of Doom {penet, Str+4 Dex+3}
 12837 | D:13     | Noticed a death knight
 12840 | D:13     | Noticed a centaur warrior
 12856 | D:13     | Found Hagely's Armour Boutique.
 12856 | D:13     | Noticed a tengu warrior
 12868 | D:13     | Killed a tengu warrior
 12886 | D:13     | Noticed a centaur warrior
 12897 | D:13     | Killed a centaur warrior
 12898 | D:13     | Reached XP level 13. HP: 34/117 MP: 12/12
 13182 | D:13     | Identified the +2 pair of boots of the Camelopard {rElec}
 13371 | D:13     | Gained mutation: You are hated by all. [Ru sacrifice]
 13371 | D:13     | Reached **** piety under Ru
 13806 | Lair:1   | Entered Level 1 of the Lair of Beasts
 14645 | Lair:2   | Found a transporter.
 14745 | Lair:2   | Found a transporter.
 15172 | Lair:2   | Found the +5 Force Lance {heavy, knockback}
 15319 | Lair:2   | Found a staircase to the Shoals.
 15711 | Lair:2   | Identified a scroll of acquirement
 15711 | Lair:2   | Acquired the ring of the Duchess {rPois rCorr Dex+4}
 15937 | Lair:3   | Identified the +5 hand axe of the Queen {flame, Int+3}
 16157 | Lair:3   | Found a hole to the Spider Nest.
 16183 | Lair:3   | Reached skill level 15 in Long Blades
 16606 | Lair:4   | Reached skill level 15 in Fighting
 16798 | Lair:4   | Reached XP level 14. HP: 135/135 MP: 13/13
 16798 | Lair:4   | Acquired the +3 buckler of Rationality {rElec rF- Regen+}
 17237 | Lair:5   | Entered Level 5 of the Lair of Beasts
 17358 | Lair:5   | Found a staircase to the Slime Pits.
 17539 | Lair:5   | Reached skill level 15 in Armour
 17565 | Lair:5   | Gained mutation: You are somewhat unskilled. (-1 Apt) [Ru
                  | sacrifice]
 17565 | Lair:5   | Reached ***** piety under Ru
 18103 | Lair:5   | Reached skill level 15 in Long Blades
 18261 | Lair:5   | Reached skill level 15 in Fighting
 18312 | Lair:5   | Found a large runed translucent door.
 18313 | Lair:5   | Found a large runed translucent door.
 18538 | Lair:5   | Identified the +0 hat of Existentialism {*Corrode rF+ rC+
                  | Str+2}
 18790 | Orc:1    | Entered Level 1 of the Orcish Mines
 18898 | Orc:2    | Entered Level 2 of the Orcish Mines
 18918 | Orc:2    | Paralysed by an orc sorcerer for 3 turns
 18935 | Orc:2    | Reached XP level 15. HP: 115/137 MP: 14/14
 19095 | Orc:2    | Gained mutation: You take slightly more damage. (AC -5) [Ru
                  | sacrifice]
 19095 | Orc:2    | Reached ****** piety under Ru
 19218 | Orc:2    | Found Kifynt's Assorted Antiques.
 19344 | Orc:2    | Found a staircase to the Elven Halls.
 19444 | Orc:2    | Found Affi's General Store.
 19599 | Orc:2    | Found Odaitrinn's Antique Weapon Boutique.
 19601 | Orc:2    | Paralysed by an orc sorcerer for 2 turns
 19611 | Orc:2    | Found Onacuric's Antique Armour Shop.
 19898 | Spider:1 | Entered Level 1 of the Spider Nest
 19912 | Spider:1 | Reached skill level 15 in Armour
 21087 | Spider:2 | Noticed an emperor scorpion
 21098 | Spider:2 | Killed an emperor scorpion
 21391 | Spider:2 | Reached skill level 15 in Dodging
 21933 | Spider:2 | Reached XP level 16. HP: 47/147 MP: 15/15
 22928 | Spider:4 | Entered Level 4 of the Spider Nest
 24019 | Spider:4 | Got a gossamer rune of Zot
 24232 | Shoals:1 | Entered Level 1 of the Shoals
 24491 | Shoals:1 | Reached XP level 17. HP: 161/161 MP: 16/16
 24523 | Shoals:1 | Noticed Donald
 24534 | Shoals:1 | Killed Donald
 24886 | Shoals:1 | Found a runed translucent gate.
 24886 | Shoals:1 | Found a runed translucent gate.
 24887 | Shoals:1 | Found a runed translucent gate.
 24991 | Shoals:1 | Noticed Relacuxeto's ghost (adept DrMo)
 25039 | Shoals:1 | Killed Relacuxeto's ghost
 25066 | Shoals:1 | Identified the +0 pair of gloves of Kumyukhu {rF+ rN+
                  | Str+2}
 25138 | Shoals:2 | Identified the +1 robe "Lusun" {*Slow rN+ Regen+}
 25306 | Shoals:3 | Noticed Polyphemus
 25352 | Shoals:3 | Killed Polyphemus
 25869 | Shoals:3 | Identified the ring "Raxtof Wuluv" {rC+ Will++ Slay+4}
 26258 | Shoals:4 | Entered Level 4 of the Shoals
 26272 | Shoals:4 | Noticed Roxanne
 26412 | Shoals:4 | Noticed Mara
 26437 | Shoals:4 | Noticed ANON1729's illusion
 27018 | Shoals:4 | Noticed ANON1729's illusion
 27018 | Shoals:4 | Killed Mara
 27211 | Shoals:4 | Noticed a kraken
 27223 | Shoals:4 | Killed a kraken
 27285 | Shoals:4 | Identified the +6 battleaxe of Baorilib {freeze, Contam rN+
                  | Dex+5}
 27381 | Shoals:4 | Noticed a kraken
 27391 | Shoals:4 | Killed a kraken
 27448 | Shoals:4 | Got a barnacled rune of Zot
 27535 | Shoals:4 | Found Puovvaab's Armour Shoppe.
 27924 | D:14     | Reached XP level 18. HP: 160/161 MP: 17/17
 27930 | D:14     | Reached skill level 1 in Shields
 28048 | D:14     | Found a gate to the Vaults.
 28291 | D:14     | Noticed Lodul
 28303 | D:14     | Killed Lodul
 28686 | D:15     | Entered Level 15 of the Dungeon
 29171 | D:15     | Found a staircase to the Depths.
 29409 | Depths:1 | Entered Level 1 of the Depths
 29409 | Depths:1 | Found a gateway to Hell.
 29647 | Depths:1 | Reached skill level 5 in Shields
 29734 | Depths:1 | Noticed a lich
 29757 | Depths:1 | Killed a lich
 30064 | Depths:1 | Found an ornate altar of the Wu Jian Council.
 30211 | Depths:1 | Found a sparkling altar of Nemelex Xobeh.
 30474 | Depths:2 | Found a one-way gate leading to the halls of Pandemonium.
 30555 | Depths:2 | HP: 6/161 [deep troll earth mage/blast of rock fragments
                  | (20)]
 30784 | Depths:2 | Noticed a lich
 30790 | Depths:2 | Killed a lich
 30919 | Depths:2 | Reached XP level 19. HP: 66/163 MP: 9/18
 31297 | Depths:2 | Identified the staff of air "Nafifel" {rElec Str+2}
 31833 | Slime:1  | Entered Level 1 of the Pits of Slime
 32667 | Slime:4  | Noticed Dissolution
 32681 | Slime:4  | Killed Dissolution
 33044 | Slime:5  | Entered Level 5 of the Pits of Slime
 33306 | Slime:5  | Noticed the Royal Jelly
 33320 | Slime:5  | Reached skill level 10 in Shields
 33586 | Slime:5  | Gained mutation: You are clumsy. (Dex -2) [a shining eye]
 33589 | Slime:5  | Gained mutation: You possess an exceptional clarity of
                  | mind. [a shining eye]
 33700 | Slime:5  | Gained mutation: You occasionally lose the ability to read
                  | scrolls when taking damage. [a shining eye]
 33702 | Slime:5  | Lost mutation: You are clumsy. (Dex -2) [potion of
                  | mutation]
 33702 | Slime:5  | Lost mutation: You possess an exceptional clarity of mind.
                  | [potion of mutation]
 33702 | Slime:5  | Lost mutation: You occasionally lose the ability to read
                  | scrolls when taking damage. [potion of mutation]
 33702 | Slime:5  | Gained mutation: Your muscles are strong. (Str +4, Int/Dex
                  | -1) [potion of mutation]
 34540 | Slime:5  | Killed the Royal Jelly
 34540 | Slime:5  | Slain by a rockslime

Illustrated notes

Levels and vault maps discovered:
D:1:      mrwooster_arrival_statue_3, layout_basic, nicolae_figureground_pulse
D:2:      layout_loops_cross, uniq_crazy_yiuf_cottage
D:3:      layout_basic, serial_bayou, serial_bayou_ford_a, serial_bayou_pond_c,
          serial_bayou_pond_c, serial_bayou_lagoon_b, serial_shops,
          nicolae_shop_behind_doors
D:4:      layout_basic, portal_sewer_entry_a
D:5:      layout_rooms, enter_ossuary_3, hangedman_abyss_or_decor_lesser_grid,
          chequers_serial_rivers_large_b, supply_closet_lemuel, uniq_duvessa
D:6:      nicolae_cairo_tiling_very_big, layout_basic,
          nicolae_overflow_crystal_walls, serial_shops, nicolae_shop_stone,
          kennysheep_small_circle, uniq_maggie, uniq_blork_the_orc
D:7:      layout_basic, okawaru_metal_pillars_1_2, fedhas_ov_isle_minmay,
          nicolae_shop_self_help
D:8:      layout_rooms, mainiacjoe_overflow_alcove_1, nicolae_wwwww, uniq_erica,
          uniq_pikel, uniq_amaemon, uniq_grum
D:9:      layout_irregular_city, mainiacjoe_overflow_six_doors_small,
          hiddenorc1_lemuel, gammafunk_ghost_abyssal_escape, enter_bailey_2,
          serial_shops, nicolae_shop_temple_entry_statues_fountains,
          small_statue_intersection
D:10:     layout_gridville, lair_entry_dummy, nicolae_trove_entry_free_sample
D:11:     layout_cave_pools, uniq_snorg, uniq_josephine, uniq_urug, uniq_sonja
D:12:     layout_basic
D:13:     layout_basic, serial_shops, shop_fountains
D:14:     layout_long_grid, david_vaults_4, serial_rivers,
          chequers_serial_rivers_micro_b, chequers_serial_rivers_small_a,
          chequers_serial_rivers_room_b, chequers_serial_rivers_small_3,
          uniq_lodul
D:15:     hangedman_depths_entry_try_elsewhere_first, layout_loops_cross,
          corexii_hall_statues_deadend
Lair:1:   layout_cave_pods
Lair:2:   gammafunk_worm_tunnel, layout_cave_pods, elwin_shoals_entry_rooms
Lair:3:   layout_chaotic_city, spider_nest_entry_webs, dreamdust_wasp_nest
Lair:4:   layout_roguey
Lair:5:   cheibrodos_lair_end_hotspot, layout_small_grid,
          dpeg_slime_entry_corner, disabler_island
Shoals:1: layout_shoals, gammafunk_ghost_tricky_traps,
          nicolae_shoals_lost_giant_temple, nicolae_shoals_mertower, uniq_donald
Shoals:2: layout_shoals, serial_shops, shop
Shoals:3: layout_shoals, uniq_polyphemus
Shoals:4: shoals_end_grunt_ice, layout_shoals, serial_shops,
          nicolae_shop_tiny_real_fake_doors, uniq_mara, uniq_roxanne
Spider:1: layout_cave_pods
Spider:2: layout_spider_delve
Spider:3: layout_spider_delve
Spider:4: grunt_spider_rune_island
Slime:1:  layout_caves
Slime:2:  layout_caves
Slime:3:  layout_caves
Slime:4:  layout_caves, nicolae_slime_welcoming_committee, uniq_dissolution
Slime:5
Orc:1:    layout_caves
Orc:2:    grunt_orc_community_town_hall, layout_caves,
          grunt_orc_community_big_house_2, grunt_orc_community_big_house_1,
          grunt_orc_community_house_2, grunt_orc_community_house_2,
          grunt_orc_community_house_2, grunt_orc_community_house_3, basic_altar,
          sword_in_stone
Depths:1: layout_cave_pools, hell_entry, nemelex_lonely_heart_becter,
          nicolae_wu_jian_wuxing_cycle
Depths:2: minmay_cut_squares, layout_gridlike, pan_entry, lightli_too_deep

Skill      XL: |  1  2  3  4  5  6  7  8  9 10 11 12 13 14 15 16 17 18 19 |
---------------+----------------------------------------------------------+-----
Armour         | 1 2 3 4 5 6 8 10 11 13 14 14 15 17 18 19 | 19.4
Fighting       | 4 5 6 7 9 10 12 13 15 15 16 17 18 19 | 19.6
Long Blades    | 4 5 6 7 9 10 12 13 15 15 16 17 18 19 | 19.7
Dodging        | 4 5 6 7 8 10 11 12 14 14 15 16 17 18 | 18.3
Shields        | 7 10 | 10.5

Action                     |  1- 3 |  4- 6 |  7- 9 | 10-12 | 13-15 | 16-18 | 19-21 || total
---------------------------+-------+-------+-------+-------+-------+-------+-------++-------
  Melee: Falchion          |    60 |    18 |       |       |       |       |       ||    78
         Headbutt          |     8 |    29 |    86 |   115 |   328 |   434 |   213 ||  1213
         Dagger            |       |   133 |   196 |       |       |       |       ||   329
         Scimitar          |       |       |    61 |   417 |  1149 |  1405 |   512 ||  3544
  Throw: Dart              |       |       |       |       |       |       |     2 ||     2
 Invoke: Sacrifice Artific |       |       |       |     1 |       |       |       ||     1
         Draw Out Power    |       |       |       |     6 |     3 |     5 |     2 ||    16
         Sacrifice Stealth |       |       |       |     1 |       |       |       ||     1
         Sacrifice Love    |       |       |       |       |     1 |       |       ||     1
         Apocalypse        |       |       |       |       |     1 |     5 |     2 ||     8
         Sacrifice Skill   |       |       |       |       |     1 |       |       ||     1
         Sacrifice Health  |       |       |       |       |     1 |       |       ||     1
         Power Leap        |       |       |       |       |       |     1 |       ||     1
    Use: Scroll            |       |       |    19 |    10 |     7 |     6 |    10 ||    52
         Potion            |       |       |       |     7 |     1 |     9 |    20 ||    37
   Stab: Distracted        |       |       |       |     1 |     5 |     7 |     4 ||    17
         Invisible         |       |       |       |     1 |     9 |    18 |       ||    28
         Paralysed         |       |       |       |       |     8 |    18 |     4 ||    30
         Confused          |       |       |       |       |       |     1 |       ||     1
 Armour: Robe              |    11 |     4 |       |       |       |       |       ||    15
         Leather armour    |       |    23 |    53 |    49 |       |       |       ||   125
         Troll leather arm |       |       |       |    14 |   206 |   148 |    51 ||   419
  Dodge: Dodged            |    39 |   100 |   259 |   564 |  1083 |  1288 |   315 ||  3648
  Block: Buckler           |       |       |       |       |   302 |   528 |   143 ||   973
